 Dungeon Crawl Stone Soup version 0.25-a0-1133-g93ebf73 (webtiles) character file.

Game seed: 891621392916804764, levelgen mode: deterministic

19189 thirtiethelement the Carver (level 12, -2/97 HPs)
             Began as a Demonspawn Abyssal Knight on May 22, 2020.
             Was a High Priest of Lugonu.
             Slain by a five-headed hydra (3 damage)
             ... on level 4 of the Lair of Beasts.
             The game lasted 01:25:54 (15024 turns).

thirtiethelement the Carver (DsAK)                 Turns: 15024, Time: 01:25:55

Health: -2/97      AC: 12    Str: 18    XL:     12   Next: 34%
Magic:  0/22       EV: 16    Int: 13    God:    Lugonu [*****.]
Gold:   501        SH:  5    Dex: 13    Spells: 8/11 levels left

rFire    . . .     SeeInvis .   v - +1 long sword
rCold    + . .     Gourm    .   x - +0 buckler
rNeg     . . .     Faith    .   q - +3 leather armour {rPois}
rPois    +         Spirit   +   Q - +1 hat {MR+}
rElec    .         Reflect  .   F - +2 cloak
rCorr    .         Harm     .   a - +0 pair of gloves
MR       ++...                  (boots unavailable)
Stlth    ++........             j - amulet of guardian spirit
HPRegen  0.26/turn              w - ring of magical power
MPRegen  0.18/turn              y - ring of protection from magic

@: no status effects
A: horns 2, talons 3, cold resistance 1, low mp 1, spiny 1
a: Depart the Abyss, Bend Space, Banish, Corrupt, Enter the Abyss, Renounce
Religion


You were on level 4 of the Lair of Beasts.
You worshipped Lugonu.
Lugonu was extremely pleased with you.
You were not hungry.

You visited 2 branches of the dungeon, and saw 13 of its levels.
You visited the Abyss 3 times.

You collected 825 gold pieces.
You spent 324 gold pieces at shops.

Inventory:

Hand Weapons
 s - a +2 falchion
 v - a +1 long sword (weapon)
 L - the +2 spear "Dragon's Tongue" {protect, rF+ Str+3}
   (You found it on level 8 of the Dungeon)

   It grants its wielder temporary protection when it strikes (+7 to AC).
   It affects your strength (+3).
   It protects you from fire.
 P - a +3 short sword of distortion
Missiles
 W - 11 curare-tipped darts (quivered)
 Y - 3 silver javelins
Armour
 a - a +0 pair of gloves (worn)
 q - a +3 leather armour of poison resistance (worn)
 x - a +0 buckler (worn)
 F - a +2 cloak (worn)
 G - a +1 scale mail of fire resistance
 M - the +2 scale mail of Sorcery {*Corrode rN++}
   (You found it on level 1 of the Lair of Beasts)

   It greatly protects you from negative energy.
   It may corrode you when you take damage.
 Q - a +1 hat of magic resistance (worn)
Jewellery
 b - an uncursed ring of ice
 g - an uncursed ring of wizardry
 j - an amulet of guardian spirit (around neck)
 m - an uncursed amulet of magic regeneration {unknown}
 w - a ring of magical power (left hand)
 y - a ring of protection from magic (right hand)
 K - an uncursed ring of stealth
 R - an uncursed amulet of reflection
Wands
 e - a wand of enslavement (11)
 h - a wand of paralysis (16)
 i - a wand of random effects (37)
 I - a wand of polymorph (10)
 N - a wand of disintegration (3)
 T - a wand of acid (3)
 X - a wand of flame (19)
Scrolls
 f - 9 scrolls of teleportation
 l - 2 scrolls of fog
 n - 3 scrolls of noise
 p - 3 scrolls of immolation
 r - 3 scrolls of amnesia {unknown}
 t - a scroll of enchant armour {unknown}
 H - a scroll of fear {unknown}
 J - a scroll of enchant weapon {unknown}
 U - a scroll of summoning {unknown}
 Z - a scroll of random uselessness {unknown}
Potions
 c - a potion of degeneration {unknown}
 d - a potion of might {unknown}
 k - 2 potions of cancellation
 u - a potion of stabbing
 z - 2 potions of brilliance
 A - 4 potions of berserk rage
 B - 2 potions of mutation {unknown}
 C - 2 potions of magic
 D - a potion of invisibility
 E - 2 potions of haste
 O - a potion of curing
 V - a potion of lignification {unknown}
Comestibles
 o - 21 rations


   Skills:
 + Level 9.7 Fighting
 + Level 2.3(7.9) Short Blades
 + Level 11.6(11.7) Long Blades
 + Level 1.0 Throwing
 + Level 5.9 Armour
 + Level 7.4 Dodging
 + Level 4.4 Stealth
 + Level 4.5 Shields
 + Level 1.4 Unarmed Combat
 + Level 4.0 Invocations
 + Level 3.0 Evocations


You had 8 spell levels left.
You knew the following spells:

 Your Spells              Type           Power        Failure   Level  Hunger
a - Searing Ray           Conj           #.....       47%         2    ###....
b - Corona                Hex            #......      34%         1    ##.....

Your spell library contained the following spells:

 Spells                   Type           Power        Failure   Level  Hunger
 Magic Dart               Conj           #...         34%         1    ##.....
 Ensorcelled Hibernation  Hex/Ice        #.....       47%         2    ###....
 Confusing Touch          Hex            #.......     71%         3    ####...
 Dazzling Flash           Conj/Hex       #.....       71%         3    ####...
 Tukima's Dance           Hex            #.......     71%         3    ####...
 Fulminant Prism          Conj/Hex       #.........   98%         4    #####..
 Iskenderun's Mystic Bla  Conj/Tloc      #.......     98%         4    #####..


Dungeon Overview and Level Annotations

Branches:
Dungeon (9/15)             Temple (0/1) D:6            Lair (4/6) D:8
 Shoals (0/4) Lair:3          Orc (0/2) D:9
  Snake: Lair:2-4    Spider: Lair:2-4

Altars:
Cheibriados
Gozag
Hepliaklqana
Nemelex Xobeh
Okawaru
Qazlal
Ru
Trog
Xom
Zin
The Shining One

Shops:
D:6 !

Annotations:
D:6 corrupted


Innate Abilities, Weirdness & Mutations

You have a pair of horns on your head.
You have claws for feet.
Your flesh is cold resistant. (rC+)
You are partially covered in sharp spines.
Your magical capacity is low. (-10% MP)


Message History

The five-headed hydra completely misses you.
Space bends around you!
You blink.
A naga comes into view. It is wielding a +0 glaive.
The blink frog is struck by your spines.
The blink frog hits you!
* * * LOW HITPOINT WARNING * * *
The blink frog closely misses you. The blink frog hits you.
* * * LOW HITPOINT WARNING * * *
The blink frog blinks!
Evoke which item? (* to show all) (? for menu, Esc to quit)
Aiming: Enslavement
Press: ? - help, Shift-Dir - straight line, f/p - five-headed hydra
Aim: a five-headed hydra (lightly wounded, chance to defeat MR: 21%)
The five-headed hydra resists with almost no effort.
You block the five-headed hydra's attack.
The five-headed hydra bites you.
* * * LOW HITPOINT WARNING * * *
The five-headed hydra bites you.
You die...

######## # ##.##.#.## ####### ##
## #..##....# #P.... #####. .#
#...#...# ###..#..#.#...# ##
##..#....# ###....# ..###..#
.####.....†..# ##.#..### #.# #...
.#P....#.†...###@..#P# ##.###...
......##...†.##D..#### #...###..
.†..#...N..........### #P..##...
........N.........##.# ##....#.P.
............F.......####..##..#..
.N..P..#.#......#....#.#....#..#.
.P.#######......#.##......#.#....
.### #..##...##.##...###..... .
#..####...#. #...###.....


You could see a five-headed hydra and a blink frog.

Vanquished Creatures
  Harold (Lair:1)
  Sonja (Lair:2)
  Pikel (D:7)
  A manticore (Lair:3)
  A black mamba (Lair:1)
  2 spiny frogs (Lair:2)
  A rime drake (Lair:2)
  4 komodo dragons
  A troll (D:8)
  2 hornets (D:8)
  Prince Ribbit (Lair:3)
  6 blink frogs
  6 hippogriffs
  A wyvern (Lair:3)
  28 yaks
  Menkaure (D:6)
  A soldier ant (D:8)
  Duvessa (D:7)
  4 porcupines
  2 water moccasins
  2 orc warriors
  4 ice beasts
  2 phantoms
  A slave (D:7)
  A necrophage (D:7)
  A sky beast (D:5)
  2 ogres (D:7)
  A black bear (D:7)
  7 wolves
  2 centaurs
  A big kobold (D:9)
  5 crocodiles
  10 bullfrogs
  A gnoll sergeant (D:8)
  A small abomination (Abyss:2)
  Dowan (D:7)
  A scorpion (D:8)
  4 wights (D:3)
  6 electric eels
  3 crimson imps
  2 centaur zombies
  A quasit (D:8)
  Crazy Yiuf (D:6)
  2 bullfrog skeletons
  9 hounds
  13 orc priests
  Ijyb (D:3)
  2 iguanas (D:8)
  16 orc wizards
  6 worker ants
  A hound zombie (D:6)
  A howler monkey zombie (D:5)
  16 gnolls
  12 adders
  A shadow imp (D:9)
  2 oozes
  An adder zombie (D:9)
  6 worms
  2 dart slugs
  2 leopard geckos
  52 orcs
  4 giant cockroaches
  13 goblins
  5 hobgoblins
  9 jackals
  5 quokkas
  A ball python skeleton (D:3)
  6 bats
  3 frilled lizards
  A jackal zombie (D:8)
  9 kobolds
  A quokka skeleton (D:4)
  12 rats
  A bush (D:1)
  A fungus (Lair:1)
  5 plants
347 creatures vanquished.

Vanquished Creatures (collateral kills)
  A black mamba (Lair:4)
  A spiny frog (Lair:4)
  4 blink frogs (Lair:4)
  A porcupine (Lair:4)
7 creatures vanquished.

Vanquished Creatures (others)
  A moth of wrath (D:6)
  5 dream sheep (Lair:1)
  3 yaks (Lair:2)
  A wolf (Lair:2)
  A crocodile (Lair:2)
  A wight (D:3)
  A worker ant (D:6)
  An orc (D:8)
  4 fungi (Lair:2)
  9 plants
  2 starspawn tentacles (D:6)
29 creatures vanquished.

Grand Total: 383 creatures vanquished

Notes
Turn   | Place    | Note
-------+----------+-------------------------------------------
     0 | Abyss:1  | thirtiethelement the Demonspawn Abyssal Knight began the
                  | quest for the Orb.
     0 | Abyss:1  | Reached XP level 1. HP: 18/18 MP: 2/2
    60 | Abyss:2  | Noticed a neqoxec
    67 | Abyss:2  | Gained mutation: Your magical capacity is low. (-10% MP) [a
                  | neqoxec]
    82 | D:1      | Escaped the Abyss
   195 | D:1      | Reached * piety under Lugonu
   318 | D:1      | Gained mutation: You are partially covered in sharp spines.
                  | [demonic ancestry]
   318 | D:1      | Reached XP level 2. HP: 21/24 MP: 0/3
   856 | D:2      | Reached skill level 2 in Long Blades
   964 | D:2      | Reached XP level 3. HP: 16/29 MP: 2/4
   981 | D:2      | Reached skill level 1 in Dodging
  1287 | D:2      | Reached XP level 4. HP: 23/37 MP: 2/5
  1539 | D:2      | Reached ** piety under Lugonu
  1739 | D:3      | Noticed Ijyb
  1756 | D:3      | Killed Ijyb
  1759 | D:3      | Gained mutation: You have sharp toenails. [demonic
                  | ancestry]
  1759 | D:3      | Reached XP level 5. HP: 41/43 MP: 6/6
  1760 | D:3      | Reached skill level 3 in Long Blades
  2014 | D:3      | Gained mutation: You have razor-sharp toenails. [demonic
                  | ancestry]
  2014 | D:3      | Reached XP level 6. HP: 23/49 MP: 4/7
  2025 | D:3      | Reached skill level 4 in Long Blades
  3171 | D:4      | Gained mutation: You have a pair of small horns on your
                  | head. [demonic ancestry]
  3171 | D:4      | Reached XP level 7. HP: 10/55 MP: 4/8
  3172 | D:4      | HP: 1/55 [orc priest/divine providence (10)]
  3177 | D:4      | HP: 1/55 [orc priest/divine providence (1)]
  3178 | D:4      | Reached *** piety under Lugonu
  3178 | D:4      | Reached skill level 5 in Fighting
  3434 | D:4      | Reached skill level 1 in Shields
  3545 | D:4      | Reached skill level 5 in Long Blades
  3902 | D:4      | Found a shimmering altar of Xom.
  3937 | D:4      | Reached skill level 1 in Stealth
  4001 | D:5      | Entered Level 5 of the Dungeon
  4118 | D:5      | Reached skill level 1 in Evocations
  4198 | D:5      | Found a glowing golden altar of the Shining One.
  4299 | D:5      | Gained mutation: You have claws for feet. [demonic
                  | ancestry]
  4299 | D:5      | Reached XP level 8. HP: 60/63 MP: 9/9
  4379 | D:5      | Reached **** piety under Lugonu
  4480 | D:5      | Found a sparkling altar of Nemelex Xobeh.
  4622 | D:5      | Found a bloodstained altar of Trog.
  4694 | D:6      | Reached skill level 6 in Long Blades
  4996 | D:6      | Noticed a moth of wrath
  5010 | D:6      | Found a bloodstained altar of Trog.
  5080 | D:6      | Found a staircase to the Ecumenical Temple.
  5191 | D:6      | Noticed Menkaure
  5201 | D:6      | Killed Menkaure
  5420 | D:6      | Reached skill level 7 in Long Blades
  5482 | D:6      | Found Ticaph's Distillery.
  5485 | D:6      | Bought 2 potions of magic for 192 gold pieces
  5485 | D:6      | Bought a potion of curing for 36 gold pieces
  5485 | D:6      | Bought a potion of invisibility for 96 gold pieces
  5504 | D:6      | Reached XP level 9. HP: 70/70 MP: 9/9
  5612 | D:6      | Found a runed translucent door.
  5613 | D:6      | Noticed Crazy Yiuf
  5619 | D:6      | Killed Crazy Yiuf
  5708 | D:6      | Corrupted D:6
  5708 | D:6      | Noticed a tentacled starspawn
  5708 | D:6      | Noticed a large abomination
  5708 | D:6      | Noticed a tentacled starspawn
  5709 | D:6      | Noticed a death drake
  5709 | D:6      | Noticed a tentacled starspawn
  5712 | D:6      | Killed a moth of wrath
  6157 | D:7      | Learned a level 2 spell: Searing Ray
  6159 | D:7      | Learned a level 1 spell: Corona
  6174 | D:7      | Noticed Dowan
  6174 | D:7      | Noticed Duvessa
  6183 | D:7      | Killed Duvessa
  6190 | D:7      | Killed Dowan
  6405 | D:7      | Reached skill level 8 in Long Blades
  6747 | D:7      | Noticed Pikel
  6755 | D:7      | Killed Pikel
  6755 | D:7      | Reached skill level 5 in Dodging
  6755 | D:7      | Reached skill level 1 in Unarmed Combat
  6890 | D:8      | Found a sacrificial altar of Ru.
  6892 | D:8      | Found a stormy altar of Qazlal.
  6907 | D:8      | Reached skill level 9 in Long Blades
  6912 | D:8      | Gained mutation: Your flesh is cold resistant. (rC+)
                  | [demonic ancestry]
  6912 | D:8      | Reached XP level 10. HP: 52/76 MP: 11/11
  6935 | D:8      | HP: 3/76 [yak (10)]
  6943 | D:8      | HP: 2/76 [yak (3)]
  7545 | D:8      | Got a blackened spear
  7560 | D:8      | Found a staircase to the Lair.
  7573 | Lair:1   | Entered Level 1 of the Lair of Beasts
  7850 | Lair:1   | Found a stormy altar of Qazlal.
  7869 | Lair:1   | Got a smoking scale mail
  7914 | Lair:1   | Noticed a black mamba
  7924 | Lair:1   | Killed a black mamba
  8120 | Lair:1   | Noticed Harold
  8150 | Lair:1   | Killed Harold
  8150 | Lair:1   | Reached skill level 5 in Armour
  8597 | Lair:1   | Reached skill level 10 in Long Blades
  9123 | Lair:1   | Gained mutation: You have a pair of horns on your head.
                  | [demonic ancestry]
  9123 | Lair:1   | Reached XP level 11. HP: 38/85 MP: 10/12
  9426 | Lair:1   | Found a shimmering altar of Xom.
  9530 | D:8      | Reached ***** piety under Lugonu
  9856 | D:8      | Found a glowing silver altar of Zin.
  9928 | D:8      | Identified the +2 scale mail of Sorcery {*Corrode rN++}
                  | (You found it on level 1 of the Lair of Beasts)
 10647 | D:9      | Found an opulent altar of Gozag.
 10647 | D:9      | Found a snail-covered altar of Cheibriados.
 10648 | D:9      | Found an iron altar of Okawaru.
 11100 | D:9      | Found a staircase to the Orcish Mines.
 11141 | D:9      | Identified the +2 spear "Dragon's Tongue" {protect, rF+
                  | Str+3} (You found it on level 8 of the Dungeon)
 11164 | D:9      | Found a hazy altar of Hepliaklqana.
 11615 | Lair:2   | Noticed Sonja
 11632 | Lair:2   | Cast into level 1 of the Abyss (Sonja)
 11632 | Abyss:1  | Found a corrupted altar of Lugonu.
 11660 | Abyss:2  | Found a corrupted altar of Lugonu.
 11700 | Lair:2   | Escaped the Abyss
 12098 | Lair:2   | Cast into level 1 of the Abyss (Sonja)
 12127 | Abyss:1  | Noticed a rakshasa
 12128 | Lair:2   | Escaped the Abyss
 12135 | Lair:2   | Killed Sonja
 12440 | Lair:2   | Reached skill level 11 in Long Blades
 12883 | Lair:2   | Reached skill level 1 in Short Blades
 12888 | Lair:2   | Reached skill level 1 in Throwing
 13788 | Lair:3   | Found a snail-covered altar of Cheibriados.
 13831 | Lair:3   | Found a staircase to the Shoals.
 13841 | Lair:3   | Reached XP level 12. HP: 50/95 MP: 11/13
 14052 | Lair:3   | Noticed Prince Ribbit
 14063 | Lair:3   | Killed Prince Ribbit
 14960 | Lair:4   | Noticed a five-headed hydra
 15015 | Lair:4   | HP: 3/97 [five-headed hydra (6)]
 15021 | Lair:4   | HP: 3/97 [blink frog (5)]
 15024 | Lair:4   | HP: 1/97 [five-headed hydra (3)]
 15024 | Lair:4   | Slain by a five-headed hydra

Illustrated notes

Levels and vault maps discovered:
D:1:      evilmike_arrival_home_sweet_home, layout_rooms
D:2:      layout_basic
D:3:      layout_loops_cross, uniq_ijyb
D:4:      layout_basic, kennysheep_little_box, roderic_lattice_a
D:5:      layout_basic, lemuel_crystal_altar, lightli_temple_of_fire,
          first_ration, nemelex_altar_shiori
D:6:      layout_cave_pools, temple_pool_b, serial_shops,
          nicolae_shop_behind_doors, eino_tiny_chamber, tgw_trog,
          uniq_crazy_yiuf_cottage, uniq_menkaure
D:7:      layout_basic, uniq_pikel, uniq_duvessa
D:8:      layout_basic, zin_statuary, nicolae_overflow_hidden_temple,
          erik_lair_island, hangedman_pestilent_swarm,
          hangedman_abyss_or_decor_slice, grunt_ministairs_6
D:9:      layout_basic, chequers_temple_overflow_statue_of_worship,
          lemuel_crystal_altar, orc_0_dummy, hex_intersection
Lair:1:   layout_gridlike, basic_altar, kb_xom_exploding_sheep, uniq_harold
Lair:2:   layout_loops_ring, grunt_megastairs_3, serial_bayou_shore_a,
          uniq_sonja
Lair:3:   layout_chaotic_city, minmay_shoals_entry_beasts, basic_altar,
          grunt_forest_stairs_basic, serial_bayou_lake_a, lemuel_fruit_fields,
          uniq_prince_ribbit2
Lair:4:   layout_layer_cave, minmay_snake_entry_guardpost_medium,
          ebering_ghost_reflecting_pool, gauntlet_entry_generic

Skill      XL: |  1  2  3  4  5  6  7  8  9 10 11 12 |
---------------+-------------------------------------+-----
Long Blades    | 2 3 4 5 7 9 10 11 | 11.6
Dodging        | 1 2 3 4 5 6 7 |  7.4
Armour         | 2 3 4 5 |  5.9
Fighting       | 4 5 6 7 9 |  9.7
Shields        | 1 2 3 4 |  4.5
Stealth        | 1 2 3 4 |  4.4
Evocations     | 1 2 3 |  3.0
Invocations    | 3 4 |  4.0
Unarmed Combat | 1 |  1.4
Short Blades   | 1 2 |  2.3
Throwing       | 1 |  1.0

Action                   |  1- 3 |  4- 6 |  7- 9 | 10-12 || total
-------------------------+-------+-------+-------+-------++-------
Melee: Falchion          |   179 |    96 |       |    29 ||   304
       Kick              |       |    26 |    81 |   227 ||   334
       Long sword        |       |    47 |   292 |   516 ||   855
       Headbutt          |       |       |    64 |   142 ||   206
       Unarmed           |       |       |    11 |       ||    11
       Short sword       |       |       |       |    61 ||    61
Throw: Dart              |       |       |     2 |     5 ||     7
Invok: Depart the Abyss  |     1 |       |       |     2 ||     3
       Corrupt           |       |       |     1 |       ||     1
       Bend Space        |       |       |       |    10 ||    10
Evoke: Wand              |     2 |     3 |     2 |    27 ||    34
  Use: Scroll            |     1 |       |     7 |     6 ||    14
       Potion            |     3 |     1 |     3 |     5 ||    12
 Stab: Sleeping          |       |       |     1 |     6 ||     7
       Distracted        |       |       |       |     2 ||     2
  Eat: Ration            |     1 |     2 |     3 |     8 ||    14
Armor: Leather armour    |    13 |    45 |    73 |    96 ||   227
       Skin              |       |       |     1 |       ||     1
Dodge: Dodged            |    37 |    70 |   158 |   293 ||   558
Block: Buckler           |       |     6 |    43 |    80 ||   129
       Rpst.: Falchion   |    15 |    11 |       |       ||    26
       Long sword        |       |     8 |    45 |    53 ||   106

Table legend:
 A = Non-vault XP
 B = Vault XP
 C = Vault XP percentage of total XP
 D = Non-vault monster count
 E = Vault monster count
 F = Vault count percentage of total count
                 A         B        C        D         E       F
            +---------+---------+-------+---------+---------+-------
      Total |   19622 |    7792 |  28.4 |     311 |      42 |  11.9
            +---------+---------+-------+---------+---------+-------
        D:1 |      23 |       0 |   0.0 |      14 |       0 |   0.0
        D:2 |     113 |       0 |   0.0 |      29 |       0 |   0.0
        D:3 |     431 |      36 |   7.7 |      34 |       1 |   2.9
        D:4 |     542 |       0 |   0.0 |      29 |       0 |   0.0
        D:5 |     674 |       0 |   0.0 |      21 |       0 |   0.0
        D:6 |     927 |     422 |  31.3 |      26 |       8 |  23.5
        D:7 |    1394 |     807 |  36.7 |      33 |       3 |   8.3
        D:8 |    1612 |    1582 |  49.5 |      32 |      15 |  31.9
        D:9 |    1797 |       0 |   0.0 |      28 |       0 |   0.0
     Lair:1 |    3256 |    1311 |  28.7 |      19 |       2 |   9.5
     Lair:2 |    4250 |    1800 |  29.8 |      20 |       7 |  25.9
     Lair:3 |    2356 |    1834 |  43.8 |      14 |       6 |  30.0
     Lair:4 |    2170 |       0 |   0.0 |      11 |       0 |   0.0
    Abyss:2 |      77 |       0 |   0.0 |       1 |       0 |   0.0
            +---------+---------+-------+---------+---------+-------
